 Dungeon Sprint DCSS version 0.31-a0-128-g25add195a6 (webtiles) character file.

Game seed: 15032439121659447898

27 rocky1 the Grasshopper (level 3, -6/32 HPs)
             Began as a Gnoll Warper on June 2, 2023.
             Mangled by a water elemental (20 damage)
             ... in the Dungeon (Sprint III: "The Ten Rune Challenge").
             The game lasted 00:01:17 (589 turns).

rocky1 the Grasshopper (Gnoll Warper)                Turns: 589, Time: 00:01:17

Health: -6/32      AC:  3    Str: 12    XL:     3   Next: 10%
Magic:  9/9        EV: 13    Int: 12    God:
Gold:   17         SH:  0    Dex: 11    Spells: 2/12 levels left

rFire   . . .        a - +0 mace
rCold   . . .        (no shield)
rNeg    . . .        b - +0 leather armour
rPois   .            (no helmet)
rElec   .            (no cloak)
rCorr   .            (no gloves)
SInv    .            (no boots)
Will    .....        (no amulet)
Stlth   ++           (no ring)
HPRegen 0.25/turn    (no ring)
MPRegen 0.11/turn

%: no teleportation
@: engulfed (cannot breathe), hasted, very quick
A: fangs 1, strong nose, distributed training
a: no special abilities


You were in the Dungeon.
You visited 1 branch You collected 17 gold pieces.

Inventory:

Hand Weapons
 a - a +0 mace (weapon)
Missiles
 d - 2 boomerangs of dispersal (quivered)
Armour
 b - a +0 leather armour (worn)
Scrolls
 c - 2 scrolls of blinking
 i - 2 scrolls of poison {unknown}
 j - 2 scrolls of identify {unknown}
Potions
 e - a potion of curing
 h - 2 potions of magic
 k - 3 potions of enlightenment
 l - 6 potions of mutation


   Skills:
 + Level 4.9 Fighting
 + Level 1.9 Short Blades
 + Level 1.9 Long Blades
 + Level 1.9 Axes
 + Level 4.9 Maces & Flails
 + Level 1.9 Polearms
 + Level 1.9 Staves
 + Level 1.9 Ranged Weapons
 + Level 3.2 Throwing
 + Level 3.2 Armour
 + Level 4.9 Dodging
 + Level 1.9 Stealth
 + Level 1.9 Shields
 + Level 1.9 Unarmed Combat
 + Level 5.3 Spellcasting
 + Level 1.5 Conjurations
 + Level 1.5 Hexes
 + Level 1.5 Summonings
 + Level 1.5 Necromancy
 + Level 5.6 Translocations
 + Level 1.5 Transmutations
 + Level 1.5 Fire Magic
 + Level 1.5 Ice Magic
 + Level 1.5 Air Magic
 + Level 1.5 Earth Magic
 + Level 1.5 Poison Magic
 + Level 2.1 Invocations
 + Level 1.9 Evocations


You had 2 spell levels left.
You knew the following spells:

 Your Spells              Type           Power      Damage    Failure   Level
a - Blink                 Tloc           32%        N/A       3%          2
b - Teleport Other        Tloc           16%        N/A       7%          3
c - Lesser Beckoning      Tloc           32%        N/A       3%          2
d - Vhi's Electric Charg  Tloc/Air       22%        N/A       17%         3

Your spell library contained the following spells:

 Spells                   Type           Power      Damage    Failure   Level
 Manifold Assault         Tloc           16%        N/A       24%         4


Dungeon Overview and Level Annotations

Branches:
Dungeon (1/1)

Altars:


Innate Abilities, Weirdness & Mutations

You have very sharp teeth.
Your uncanny sense of smell can sniff out nearby items.
Your experience applies equally to all skills.


Message History

Memorise Vhi's Electric Charge, consuming 3 spell levels and leaving 2?
You start memorising the spell.
You continue memorising. x3
You finish memorising.
Spell assigned to 'd'.
You open the door.
A water elemental comes into view.
Okay, then.
You feel yourself speed up.
You hit the water elemental but do no damage.
The water elemental misses you.
You hit the water elemental.
The water elemental is lightly damaged.
The water elemental closely misses you.
You hit the water elemental but do no damage.
The water elemental is lightly damaged.
The water elemental hits you!
You completely miss the water elemental.
The water elemental is lightly damaged.
The water elemental hits you!
* * * LOW HITPOINT WARNING * * *
The water elemental engulfs you in water!
Okay, then.
You slip free of the water engulfing you.
You gasp with relief as air once again reaches your lungs.
You feel much better.
Unknown command.
The water elemental hits you.
The water elemental engulfs you in water!
You barely miss the water elemental.
The water elemental is lightly damaged.
Your lungs strain for air!
You hit the water elemental.
The water elemental is lightly damaged.
Your lungs strain for air!
The water elemental barely misses you.
You barely miss the water elemental. Your bite misses the water elemental.
The water elemental is lightly damaged.
Your lungs strain for air!
The water elemental hits you!!
Ouch! That really hurt!
You die...

▓▓▓▓▓▓▓▓ ▓▓▓ <..#(..####
##.# ...#......#####..#
..##....†..#..#..#∆
##.##.##...#..#..# #+#+#
##.##.###..##'#..#......
#.####.##..###..@'.⌠....
.###..##.†####..E#...###
#.....##.†###....# ⌠.#
###..##...##.....# .#∆
#..##....#......# #
#..###..##.#.....# ∆∆
#[. #.. ####....# ▓▓▓
▓▓▓ ▓▓▓▓▓▓


You could see a water elemental.

Vanquished Creatures
  A human (D)
  A phantom (D)
  2 endoplasms (D)
  2 rats (D)
6 creatures vanquished.

Notes
Turn   | Place    | Note
-------+----------+-------------------------------------------
     0 | D        | rocky1 the Gnoll Warper began the quest for the Orb.
     0 | D        | Reached XP level 1. HP: 20/20 MP: 6/6
    15 | D        | Reached skill level 5 in Spellcasting
   183 | D        | Reached skill level 1 in Invocations
   204 | D        | Reached skill level 1 in Short Blades
   204 | D        | Reached skill level 1 in Long Blades
   204 | D        | Reached skill level 1 in Axes
   204 | D        | Reached skill level 1 in Polearms
   204 | D        | Reached skill level 1 in Staves
   204 | D        | Reached skill level 1 in Ranged Weapons
   204 | D        | Reached skill level 1 in Stealth
   204 | D        | Reached skill level 1 in Shields
   204 | D        | Reached skill level 1 in Unarmed Combat
   204 | D        | Reached skill level 1 in Conjurations
   204 | D        | Reached skill level 1 in Hexes
   204 | D        | Reached skill level 1 in Summonings
   204 | D        | Reached skill level 1 in Necromancy
   204 | D        | Reached skill level 1 in Transmutations
   204 | D        | Reached skill level 1 in Fire Magic
   204 | D        | Reached skill level 1 in Ice Magic
   204 | D        | Reached skill level 1 in Air Magic
   204 | D        | Reached skill level 1 in Earth Magic
   204 | D        | Reached skill level 1 in Poison Magic
   204 | D        | Reached skill level 1 in Evocations
   204 | D        | Reached XP level 2. HP: 24/26 MP: 8/8
   369 | D        | Reached XP level 3. HP: 17/32 MP: 9/9
   566 | D        | Learned a level 2 spell: Blink
   570 | D        | Learned a level 3 spell: Teleport Other
   573 | D        | Learned a level 2 spell: Lesser Beckoning
   577 | D        | Learned a level 3 spell: Vhi's Electric Charge
   578 | D        | Noticed a water elemental
   589 | D        | Mangled by a water elemental

Illustrated notes

Levels and vault maps discovered:
D:        dungeon_sprint_mu [sprint_mu_entry_cave, sprint_mu_temple_rooms,
          sprint_mu_d1_horrors, sprint_mu_d2_genie, sprint_mu_d3_branching,
          sprint_mu_orc_legion, sprint_mu_elf_gauntlet, sprint_mu_hive_nellie,
          sprint_mu_lair_fedhas, sprint_mu_vaults_butterflies,
          sprint_mu_slime_circle, sprint_mu_swamp_cave, sprint_mu_shoals_archi,
          sprint_mu_blade_basic, sprint_mu_crypt_lich, sprint_mu_tomb_spiral,
          sprint_mu_vestibule_basic, sprint_mu_gehenna_hellfire,
          sprint_mu_dis_giant, sprint_mu_tartarus_statrot,
          sprint_mu_cocytus_islands, sprint_mu_zot1]

Skill      XL: |  1  2 |
---------------+-------+-----
Spellcasting   | 5 |  5.3
Invocations    | 1 2 |  2.1
Short Blades   | 1 |  1.9
Long Blades    | 1 |  1.9
Axes           | 1 |  1.9
Polearms       | 1 |  1.9
Staves         | 1 |  1.9
Ranged Weapons | 1 |  1.9
Throwing       | 3 |  3.2
Armour         | 3 |  3.2
Stealth        | 1 |  1.9
Shields        | 1 |  1.9
Unarmed Combat | 1 |  1.9
Conjurations   | 1 |  1.5
Hexes          | 1 |  1.5
Summonings     | 1 |  1.5
Necromancy     | 1 |  1.5
Transmutations | 1 |  1.5
Fire Magic     | 1 |  1.5
Ice Magic      | 1 |  1.5
Air Magic      | 1 |  1.5
Earth Magic    | 1 |  1.5
Poison Magic   | 1 |  1.5
Evocations     | 1 |  1.9
Fighting       | |  4.9
Maces & Flails | |  4.9
Dodging        | |  4.9
Translocations | |  5.6

Action                     || total
---------------------------++-------
  Melee: Mace              ||    23
         Bite              ||     1
  Throw: Boomerang         ||     5
    Use: Potion            ||     3
   Stab: Sleeping          ||     1
 Armour: Leather armour    ||     4
  Dodge: Dodged            ||     8

Table legend: (Time is in decaauts)
 A = Elapsed time spent in this place.
 B = Non-inter-level travel time spent in this place.
 C = Inter-level travel time spent in this place.
 D = Time resting spent in this place.
 E = Time spent auto-exploring this place.
 F = Levels seen in this place.
 G = Mean time per level.
                   A        B        C        D        E       F      G
               +--------+--------+--------+--------+--------+-----+--------+
         Total |    596 |    596 |      0 |    487 |      0 |   1 |  596.0 |
       Dungeon |    596 |    596 |      0 |    487 |      0 |   1 |  596.0 |
               +--------+--------+--------+--------+--------+-----+--------+

Top non-repeatable levels by time:
       D: 596 daAuts
